 Dungeon Crawl Stone Soup version 0.30-a0-989-g0d87f670db (webtiles) character file.

Game seed: 18165102996245109506

6 Maxmaps the Ruffian (level 1, 0/16 HPs)
             Began as a Draconian Transmuter on Apr 4, 2023.
             Slain by an endoplasm (2 damage)
             ... on level 1 of the Dungeon.
             The game lasted 00:00:14 (256 turns).

Maxmaps the Ruffian (Draconian Transmuter)           Turns: 256, Time: 00:00:14

Health: 0/16       AC:  4    Str: 12    XL:     1   Next: 75%
Magic:  3/3        EV: 12    Int: 13    God:
Gold:   40         SH:  0    Dex: 11    Spells: 3/4 levels left

rFire   . . .      SeeInvis .      - Unarmed
rCold   . . .      Faith    .    (no shield)
rNeg    . . .      Spirit   .    (body armour unavailable)
rPois   .          Reflect  .    (helmet restricted)
rElec   .          Rampage  .    (no cloak)
rCorr   .                        (no gloves)
Will    .....                    (no boots)
Stlth   +                        (no amulet)
HPRegen 0.22/turn                (no ring)
MPRegen 0.08/turn                (no ring)

@: slowed, very slow
A: AC +4, unfitting armour, cold-blooded
a: no special abilities


You were on level 1 of the Dungeon.
You visited 1 branch of the dungeon, and saw 1 of its levels.

You collected 40 gold pieces.

Inventory:

Scrolls
 b - a scroll of fear {unknown}
Potions
 a - a potion of lignification


   Skills:
 - Level 1.1 Fighting
 - Level 1.7 Dodging
 - Level 3.0 Unarmed Combat
 - Level 2.0 Spellcasting
 + Level 2.6 Transmutations


You had 3 spell levels left.
You knew the following spells:

 Your Spells              Type           Power      Damage    Failure   Level
a - Beastly Appendage     Tmut           16%        N/A       9%          1

Your spell library contained the following spells:

 Spells                   Type           Power      Damage    Failure   Level
 Wereblood                Tmut           8%         N/A       13%         2
 Spider Form              Tmut/Pois      4%         N/A       41%         3
 Ice Form                 Ice/Tmut       4%         N/A       83%         4
 Leda's Liquefaction      Hex/Erth       0%         N/A       94%         4
 Lee's Rapid Deconstruct  Erth           0%         3d4*      100%        5
 Statue Form              Tmut/Erth      2%         N/A       100%        6


Dungeon Overview and Level Annotations

Branches:
Dungeon (1/15)

Altars:


Innate Abilities, Weirdness & Mutations

Your plain brown scales are hard. (AC +4)
You cannot fit into any form of body armour.
You are cold-blooded and may be slowed by cold attacks.


Message History

You completely miss the frilled lizard. You closely miss the frilled lizard.
The endoplasm freezes you.
You are frozen.
The endoplasm closely misses you. The frilled lizard closely misses you.
You barely miss the frilled lizard.
Your tail-slap misses the frilled lizard.
The endoplasm completely misses you. The endoplasm freezes you.
You are frozen.
The frilled lizard barely misses you.
You hit the frilled lizard.
You kill the frilled lizard!
The endoplasm freezes you.
You are frozen.
You feel yourself slow down. The endoplasm hits you.
You are too injured to fight recklessly!
You are too injured to fight recklessly!
You are too injured to fight recklessly!
You are too injured to fight recklessly!
You are too injured to fight recklessly!
You are too injured to fight recklessly!
You are too injured to fight recklessly!
You are too injured to fight recklessly!
You are too injured to fight recklessly!
You are too injured to fight recklessly!
You are too injured to fight recklessly!
You are too injured to fight recklessly!
You are too injured to fight recklessly!
You are too injured to fight recklessly!
You are too injured to fight recklessly!
You are too injured to fight recklessly!
You are too injured to fight recklessly!
You feel yourself speed up. The endoplasm freezes you.
You are frozen.
* * * LOW HITPOINT WARNING * * *
You feel yourself slow down.
You see here 14 gold pieces.
The endoplasm attacks as you move away! The endoplasm barely misses you.
The endoplasm attacks as you move away! The endoplasm hits you.
You die...

.##.#.#.# ....#.#.## #.
.#.....#.# ###.#
.#.##.#.#####...#
......#####.....# ##.####
#.......# #...#
#.......#####.# #...#
#.............# #...#
#.......@.# #####
#...#####.......JJ##.....#
......)........##........#
##+###.........##.†......#
~# #.........#.#.......#
~# ####......#..#......#
~# ##.....#.. #..#### ~#
##...##.. ### ~# ##.###..


You could see 2 endoplasms.

Vanquished Creatures
  2 goblins (D:1)
  A ball python (D:1)
  2 frilled lizards (D:1)
  A kobold (D:1)
  A rat (D:1)
7 creatures vanquished.

Notes
Turn   | Place    | Note
-------+----------+-------------------------------------------
     0 | D:1      | Maxmaps the Draconian Transmuter began the quest for the
                  | Orb.
     0 | D:1      | Reached XP level 1. HP: 16/16 MP: 3/3
   256 | D:1      | Slain by an endoplasm

Illustrated notes

Levels and vault maps discovered:
D:1:      ncdulo_wetmaze, layout_loops_cross, dreamdust_princess_corridor,
          hangedman_decor_slide_cut

Action                     || total
---------------------------++-------
  Melee: Unarmed           ||    20
         Kick              ||     2
         Tailslap          ||     1
         Punch             ||     1
   Cast: Beastly Appendage ||     2
   Stab: Sleeping          ||     2
 Armour: Skin              ||     3
  Dodge: Dodged            ||    17

Table legend: (Time is in decaauts)
 A = Elapsed time spent in this place.
 B = Non-inter-level travel time spent in this place.
 C = Inter-level travel time spent in this place.
 D = Time resting spent in this place.
 E = Time spent auto-exploring this place.
 F = Levels seen in this place.
 G = Mean time per level.
                   A        B        C        D        E       F      G
               +--------+--------+--------+--------+--------+-----+--------+
         Total |    259 |    259 |      0 |      0 |    204 |   1 |  259.0 |
       Dungeon |    259 |    259 |      0 |      0 |    204 |   1 |  259.0 |
               +--------+--------+--------+--------+--------+-----+--------+

Top non-repeatable levels by time:
     D:1: 259 daAuts
